 Dungeon Crawl Stone Soup version 0.27.1-1-g398f81649c (webtiles) character file.

Game seed: 5749725834406357035

68 MisterFreud the Ducker (level 4, -2/51 HPs)
             Began as a Gnoll Wanderer on Sept 21, 2021.
             Was a Follower of Jiyva.
             Slain by Purgy (4 damage)
             ... on level 3 of the Dungeon.
             The game lasted 00:06:48 (2061 turns).

MisterFreud the Ducker (Gnoll Wanderer)             Turns: 2061, Time: 00:06:48

Health: -2/51      AC: 22    Str: 10    XL:     4   Next: 19%
Magic:  5/5        EV:  2    Int: 12    God:    Jiyva [*.....]
Gold:   10         SH:  0    Dex: 13    Spells: 5/5 levels left

rFire    . . .     SeeInvis .   b - +0 short sword
rCold    . . .     Faith    .   (no shield)
rNeg     + + +     Spirit   .   (armour currently unavailable)
rPois    +         Reflect  .   (helmet currently unavailable)
rElec    .         Harm     .   (cloak currently unavailable)
rCorr    .         Rampage  .   (gloves currently unavailable)
Will     .....     NoTele   +   (boots currently unavailable)
Stlth    ++........             (no amulet)
HPRegen  0.17/turn              (no ring)
MPRegen  0.09/turn              (no ring)

@: tree-form
A: stationary, stasis, torment immunity, boosted hp, (fangs 1), strong nose,
distributed training
a: Renounce Religion, Request Jelly


You were on level 3 of the Dungeon.
You worshipped Jiyva.
Jiyva was aware of your devotion.
You were a tree.
You visited 1 branch of the dungeon, and saw 3 of its levels.

You collected 49 gold pieces.
You spent 39 gold pieces at shops.

Inventory:

Hand Weapons
 a - a +2 hand crossbow
 b - a +0 short sword (weapon)
 h - a +0 hand axe
 n - a +0 hunting sling
Missiles
 c - 8 bolts
 o - 15 sling bullets
Armour
 e - a +0 robe
 k - a +0 ring mail (melded)
Scrolls
 g - a scroll of teleportation {unknown}
 l - a scroll of fog {unknown}
 p - 2 scrolls of identify {unknown}
Potions
 f - a potion of curing
 i - 2 potions of flight {unknown}
 j - a potion of berserk rage {unknown}
 m - a potion of heal wounds {unknown}


   Skills:
 + Level 2.7 Fighting
 + Level 4.6 Short Blades
 + Level 1.0 Long Blades
 + Level 1.0 Axes
 + Level 1.0 Maces & Flails
 + Level 1.0 Polearms
 + Level 1.0 Staves
 + Level 1.0 Slings
 + Level 1.0 Bows
 + Level 4.6 Crossbows
 + Level 4.6 Throwing
 + Level 2.7 Armour
 + Level 4.6 Dodging
 + Level 1.0 Stealth
 + Level 1.0 Shields
 + Level 1.0 Unarmed Combat
 + Level 1.0 Spellcasting
 + Level 0.8 Conjurations
 + Level 0.8 Hexes
 + Level 0.8 Summonings
 + Level 0.8 Necromancy
 + Level 0.8 Translocations
 + Level 0.8 Transmutations
 + Level 0.8 Fire Magic
 + Level 0.8 Ice Magic
 + Level 0.8 Air Magic
 + Level 0.8 Earth Magic
 + Level 0.8 Poison Magic
 + Level 1.1 Invocations
 + Level 1.0 Evocations


You had 5 spell levels left.
You didn't know any spells.
Your spell library contained the following spells:

 Spells                   Type           Power      Damage    Failure   Level
 Corpse Rot               Necr/Air       N/A        N/A       32%         2
 Poisonous Vapours        Pois/Air       4%         N/A       32%         2
 Freezing Cloud           Conj/Ice/Air   1%         6-21      99%         5


Dungeon Overview and Level Annotations

Branches:
Dungeon (3/15)

Altars:
Elyvilon
Sif Muna
Jiyva

Shops:
D:3 !

Annotations:
D:2 1 runed translucent door, Crazy Yiuf
D:3 Purgy


Innate Abilities, Weirdness & Mutations

You are a tree.
Your roots penetrate the ground, keeping you stationary.
You cannot be teleported.
You are immune to unholy pain and torment.
Your maximum health is greatly increased.
Your equipment is partially melded.
((You have very sharp teeth.))
Your uncanny sense of smell can sniff out nearby items.
Your experience applies equally to all skills.


Message History

* * * LOW HITPOINT WARNING * * *
Unknown command.
Fire: 11 bolts
Press: ? - help, Q - select action, (/) - cycle Shift-Dir - straight line, f/p - Purgy
Aim: Purgy (severely wounded, 60% to hit)
You shoot a bolt. The bolt closely misses Purgy.
The bolt hits the bat.
The bat is severely wounded.
Purgy bites you.
* * * LOW HITPOINT WARNING * * *
Purgy claws you.
* * * LOW HITPOINT WARNING * * *
Purgy claws you but does no damage.
Unknown command.
Unknown command.
You feel better. Purgy bites you but does no damage.
Purgy claws you but does no damage. x2
Fire: 10 bolts
Press: ? - help, Q - select action, (/) - cycle Shift-Dir - straight line, f/p - Purgy
Aim: Purgy (severely wounded, 60% to hit)
You shoot a bolt. The bolt barely misses Purgy.
The bolt barely misses the bat.
Purgy bites you.
* * * LOW HITPOINT WARNING * * *
Purgy claws you but does no damage. x2; Purgy barely misses you.
Purgy claws you but does no damage. x2
Unknown command.
Fire: 9 bolts
Press: ? - help, Q - select action, (/) - cycle Shift-Dir - straight line, f/p - Purgy
Aim: Purgy (severely wounded, 60% to hit)
You shoot a bolt. The bolt barely misses Purgy.
The bolt hits the bat.
You kill the bat!
Purgy bites you but does no damage. Purgy claws you.
* * * LOW HITPOINT WARNING * * *
Purgy claws you but does no damage.
Unknown command.
Unknown command.
b - a +0 short sword (weapon)
You hit Purgy but do no damage.
Purgy is severely wounded.
Purgy bites you.
You die...

#### ######### ..#
###.......## #.#
#####...##'##...
####.####......##...##..
#......(#.###..#..#..#..
#.##.##T#.# #..#.#.#.#..
#S##♣#.####....#..+.#
#.......# #.#.#.#.#.#
#.#####.##..#..#..#.#
#.# .##..##...##.# ..#
.##...##.##..# #..#
.##.#....)...# ...#
.##.###....#.# .....
..#..........# ..###
............


You could see Purgy.

Vanquished Creatures
  2 adders
  2 worms
  4 dart slugs
  A ball python (D:3)
  A giant cockroach (D:2)
  3 goblins
  A hobgoblin (D:2)
  3 jackals (D:2)
  7 kobolds
  A quokka (D:2)
  5 bats
  3 frilled lizards
  6 rats
39 creatures vanquished.

Vanquished Creatures (others)
  A ball python (D:3)
  A giant cockroach (D:1)
  3 goblins
  A kobold (D:1)
  A bat (D:3)
  A frilled lizard (D:3)
8 creatures vanquished.

Grand Total: 47 creatures vanquished

Notes
Turn   | Place    | Note
-------+----------+-------------------------------------------
     0 | D:1      | MisterFreud the Gnoll Wanderer began the quest for the Orb.
     0 | D:1      | MisterFreud set off with the following items: a +2 hand
                  | crossbow, 22 bolts, a +0 short sword, a potion of
                  | lignification, a +0 robe
     0 | D:1      | Reached XP level 1. HP: 17/17 MP: 1/1
   100 | D:1      | Reached XP level 2. HP: 23/23 MP: 2/2
   108 | D:1      | Found a faded altar of an unknown god.
   134 | D:1      | Became a worshipper of Jiyva Jour the Shapeless
   134 | D:1      | Reached * piety under Jiyva
   761 | D:2      | Found a shimmering blue altar of Sif Muna.
   810 | D:2      | Reached XP level 3. HP: 15/28 MP: 3/3
   843 | D:2      | Found a runed translucent door.
   844 | D:2      | Noticed Crazy Yiuf
  1004 | D:2      | Reached skill level 1 in Invocations
  1604 | D:2      | Reached skill level 1 in Long Blades
  1604 | D:2      | Reached skill level 1 in Axes
  1604 | D:2      | Reached skill level 1 in Maces & Flails
  1604 | D:2      | Reached skill level 1 in Polearms
  1604 | D:2      | Reached skill level 1 in Staves
  1604 | D:2      | Reached skill level 1 in Slings
  1604 | D:2      | Reached skill level 1 in Bows
  1604 | D:2      | Reached skill level 1 in Stealth
  1604 | D:2      | Reached skill level 1 in Shields
  1604 | D:2      | Reached skill level 1 in Unarmed Combat
  1604 | D:2      | Reached skill level 1 in Spellcasting
  1604 | D:2      | Reached skill level 1 in Evocations
  1782 | D:3      | Noticed Purgy
  1832 | D:3      | Found a white marble altar of Elyvilon.
  1937 | D:3      | Found Vule's Distillery.
  1943 | D:3      | Bought a potion of curing for 39 gold pieces
  2014 | D:3      | Reached XP level 4. HP: 25/34 MP: 5/5
  2059 | D:3      | HP: 2/51 [Purgy (1)]
  2061 | D:3      | Slain by Purgy

Illustrated notes

Levels and vault maps discovered:
D:1:      matt_arrival_los_fun, layout_basic,
          shapermc_ecumenical_altar_starsandcircs
D:2:      layout_basic, basic_altar, serial_glass, glass_columns_b,
          glass_columns_a, glass_columns_b, uniq_crazy_yiuf_cottage
D:3:      layout_loops_ring, nicolae_elyvilon_peaceful_grove, serial_shops,
          shop, ebering_dispersal_statue_hall, minmay_box_of_dots, uniq_purgy

Skill      XL: |  1  2  3 |
---------------+----------+-----
Invocations    | 1 |  1.1
Long Blades    | 1 |  1.0
Axes           | 1 |  1.0
Maces & Flails | 1 |  1.0
Polearms       | 1 |  1.0
Staves         | 1 |  1.0
Slings         | 1 |  1.0
Bows           | 1 |  1.0
Stealth        | 1 |  1.0
Shields        | 1 |  1.0
Unarmed Combat | 1 |  1.0
Spellcasting   | 1 |  1.0
Evocations     | 1 |  1.0
Fighting       | |  2.7
Short Blades   | |  4.6
Crossbows      | |  4.6
Throwing       | |  4.6
Armour         | |  2.7
Dodging        | |  4.6
Conjurations   | |  0.8
Hexes          | |  0.8
Summonings     | |  0.8
Necromancy     | |  0.8
Translocations | |  0.8
Transmutations | |  0.8
Fire Magic     | |  0.8
Ice Magic      | |  0.8
Air Magic      | |  0.8
Earth Magic    | |  0.8
Poison Magic   | |  0.8

Action                   |  1- 3 |  4- 6 || total
-------------------------+-------+-------++-------
Melee: Short sword       |   177 |     5 ||   182
       Bite              |    12 |       ||    12
       Punch             |     1 |       ||     1
 Fire: Hand crossbow     |     8 |    14 ||    22
  Use: Potion            |       |     2 ||     2
 Stab: Sleeping          |     2 |       ||     2
Armor: Robe              |    12 |       ||    12
       Ring mail         |    29 |     9 ||    38
       Skin              |       |    18 ||    18
Dodge: Dodged            |    85 |    26 ||   111
